 Dungeon Crawl Stone Soup version 0.28.0-45-g0d030f2227 (webtiles) character file.

Game seed: 2659395397303824553

135 Bruhh the Magician (level 5, -2/35 HPs)
             Began as a Djinni Ice Elementalist on Apr 22, 2022.
             Slain by an ufetubus (3 damage)
             ... in the Ecumenical Temple.
             The game lasted 00:07:17 (4673 turns).

Bruhh the Magician (Djinni Ice Elementalist)        Turns: 4673, Time: 00:07:18

Health: -2/35      AC:  2    Str:  7    XL:     5   Next: 42%
Gold:   178        EV: 12    Int: 18    God:
                   SH:  0    Dex: 14

rFire   + + .      SeeInvis .   h - +0 falchion (vorpal)
rCold   . . .      Faith    +   p - orb {*Rage}
rNeg    . . .      Spirit   .   a - +0 robe
rPois   ∞          Reflect  .   (no helmet)
rElec   .          Harm     .   (no cloak)
rCorr   .          Rampage  .   (no gloves)
Will    .....      Rage     20% (boots unavailable)
Stlth   ++........              k - amulet of faith
HPRegen 0.11/turn               j - ring of protection from cold
MPRegen 0.00/turn               (no ring)

@: flying
A: sickness immunity, fire resistance 2, cold vulnerability 1, float, innate
caster, HP casting, extra vitality 1
a: no special abilities


You were in the Ecumenical Temple.
You visited 2 branches of the dungeon, and saw 6 of its levels.

You collected 178 gold pieces.

Inventory:

Hand Weapons
 h - a +0 vorpal falchion (weapon)
Armour
 a - a +0 robe (worn)
 p - an orb of wrath (worn)
Jewellery
 j - a ring of protection from cold (left hand)
 k - an amulet of faith (around neck)
Scrolls
 b - 2 scrolls of teleportation {unknown}
 d - a scroll of brand weapon {unknown}
 e - a scroll of fear {unknown}
 g - a scroll of identify {unknown}
 n - a scroll of enchant armour {unknown}
 o - a scroll of magic mapping {unknown}
Potions
 c - a potion of heal wounds {unknown}
 f - 2 potions of curing {unknown}
 i - a potion of degeneration {unknown}
 l - a potion of haste {unknown}
 m - a potion of magic {unknown}
 q - a potion of lignification {unknown}


   Skills:
 - Level 2.4 Dodging
 - Level 1.8 Stealth
 + Level 4.8 Spellcasting


You couldn't memorise any spells.
You knew the following spells:

 Your Spells              Type           Power      Damage    Failure   Level
a - Freeze                Ice            84%        1d10      1%          1
b - Frozen Ramparts       Ice            42%        1d6       5%          3
c - Ozocubu's Armour      Ice            21%        N/A       5%          3
d - Hailstorm             Conj/Ice       21%        3d6       19%         4
e - Foxfire               Conj/Fire      84%        2x1d8     1%          1
f - Blink                 Tloc           42%        N/A       2%          2
Your spell library was empty.

Dungeon Overview and Level Annotations

Branches:
Dungeon (5/15)             Temple (1/1) D:5

Altars:


Innate Abilities, Weirdness & Mutations

You are immune to sickness and miasma.
You are immune to poison.
Your flesh is very heat resistant. (rF++)
You are vulnerable to cold. (rC-)
You float through the air rather than walking.
You learn spells naturally, not from books.
Your magical power is your life essence.
You have superior vitality. (+4 MHP)


Message History

You freeze the ufetubus but do no damage.
The ufetubus completely resists.
The ufetubus hits you but does no damage.
The ufetubus hits you. x2; The ufetubus misses you.
You are too injured to fight recklessly!
You are too injured to fight recklessly!
You are too injured to fight recklessly!
You are too injured to fight recklessly!
You barely miss the ufetubus. The ufetubus barely misses you.
The ufetubus closely misses you. The ufetubus barely misses you.
The ufetubus misses you.
You closely miss the ufetubus. The ufetubus hits you.
The ufetubus closely misses you. The ufetubus hits you.
* * * LOW HITPOINT WARNING * * *
The ufetubus closely misses you.
Casting: Freeze (safe; 1% risk of failure)
Confirm with . or Enter, or press ? or * to list all spells.
Aiming: Freeze (safe; 1% risk of failure)
Press: ? - help, Shift-Dir - straight line, f/p - ufetubus
Aim: an ufetubus You freeze the ufetubus but do no damage.
The ufetubus completely resists.
* * * LOW HITPOINT WARNING * * *
The ufetubus barely misses you. The ufetubus closely misses you.
Unknown command.
Casting: Freeze (safe; 1% risk of failure)
Confirm with . or Enter, or press ? or * to list all spells.
Aiming: Freeze (safe; 1% risk of failure)
Press: ? - help, Shift-Dir - straight line, f/p - ufetubus
Aim: an ufetubus You freeze the ufetubus.
The ufetubus resists.
The ufetubus is heavily wounded.
* * * LOW HITPOINT WARNING * * *
The ufetubus hits you.
* * * LOW HITPOINT WARNING * * *
The ufetubus hits you.
* * * LOW HITPOINT WARNING * * *
The ufetubus barely misses you. The ufetubus closely misses you.
The ufetubus hits you.
You die...

######
##....##
#......#
#.<5@..+
#......#
##....##
######


You could see an ufetubus.

Vanquished Creatures
  Natasha (D:2)
  Robin (D:2)
  2 adders
  A howler monkey skeleton (D:5)
  A dart slug (D:1)
  5 orcs
  3 endoplasms
  3 giant cockroaches
  7 goblins
  9 hobgoblins
  3 quokkas
  10 ball pythons
  5 bats
  3 frilled lizards
  7 kobolds
  4 rats
65 creatures vanquished.

Notes
Turn   | Place    | Note
-------+----------+-------------------------------------------
     0 | D:1      | Bruhh the Djinni Ice Elementalist began the quest for the
                  | Orb.
     0 | D:1      | Reached XP level 1. HP: 15/15 MP: 0/0
   282 | D:1      | Reached XP level 2. HP: 19/21 MP: 0/0
  1131 | D:1      | Reached XP level 3. HP: 22/25 MP: 0/0
  1131 | D:1      | Learned a level 1 spell: Foxfire
  1354 | D:1      | Found a faded altar of an unknown god.
  1973 | D:2      | Noticed Natasha
  1978 | D:2      | Killed Natasha
  1979 | D:2      | Reached skill level 4 in Spellcasting
  1979 | D:2      | Reached XP level 4. HP: 28/31 MP: 0/0
  2232 | D:2      | Noticed Robin
  2245 | D:2      | Killed Robin
  3246 | D:3      | Reached XP level 5. HP: 33/35 MP: 0/0
  3246 | D:3      | Learned a level 2 spell: Blink
  4640 | D:5      | Entered Level 5 of the Dungeon
  4640 | D:5      | Noticed an ice beast
  4640 | D:5      | Found a staircase to the Ecumenical Temple.
  4666 | Temple   | Entered the Ecumenical Temple
  4671 | Temple   | HP: 1/35 [ufetubus (3)]
  4673 | Temple   | Slain by an ufetubus

Illustrated notes

Levels and vault maps discovered:
D:1:      saegor_arrival_simple_b, layout_basic,
          shapermc_ecumenical_altar_ellora
D:2:      layout_loops_ring, uniq_natasha, uniq_robin
D:3:      layout_loops_corners
D:4:      layout_rooms
D:5:      layout_gridville, mainiacjoe_overflow_tiny_flanked,
          minmay_temple_entry_mist, serial_shops, nicolae_shop_stone,
          nicolae_grassy_gnolls
Temple:   mainiacjoe_temple_cubbyholes

Skill      XL: |  1  2  3 |
---------------+----------+-----
Spellcasting   | 4 |  4.8
Dodging        | |  2.4
Stealth        | |  1.8

Action                   |  1- 3 |  4- 6 || total
-------------------------+-------+-------++-------
Melee: Unarmed           |    15 |     2 ||    17
       Falchion          |       |    18 ||    18
 Cast: Freeze            |    44 |    57 ||   101
       Blink             |       |     2 ||     2
 Stab: Sleeping          |       |     1 ||     1
Armor: Robe              |     4 |     8 ||    12
Dodge: Dodged            |    34 |    58 ||    92
